 Dungeon Crawl Stone Soup version 0.29.0-4-gdea44cf6ec (webtiles) character file.

Game seed: 13054152567017372337

513 qw the Chopper (level 7, -8/41 HPs)
             Began as a Tengu Warper on Aug 28, 2022.
             Mangled by a gnoll
             ... wielding a +2 halberd of venom
              (10 damage)
             ... on level 4 of the Dungeon.
             The game lasted 00:00:19 (3271 turns).

qw the Chopper (Tengu Warper)                       Turns: 3271, Time: 00:00:20

Health: -8/41      AC: 12    Str: 13    XL:     7   Next: 19%
Magic:  0/11       EV:  7    Int: 14    God:
Gold:   205        SH:  0    Dex: 13    Spells: 10/10 levels left

rFire   . . .      SeeInvis .   Y - +0 hand axe
rCold   . . .      Faith    .   (no shield)
rNeg    . . .      Spirit   +   j - +0 chain mail
rPois   +          Reflect  .   (helmet restricted)
rElec   .          Harm     .   (no cloak)
rCorr   .          Rampage  .   (no gloves)
Will    .....                   (boots unavailable)
Stlth   ..........              a - amulet of guardian spirit
HPRegen 0.13/turn               c - ring of poison resistance
MPRegen 0.12/turn               m - +4 ring of protection

@: lethally poisoned (-8 -> -9), about to teleport, flying quickly and
evasively, quick
A: beak, talons 3, nimble flight
a: no special abilities


You were on level 4 of the Dungeon.
You visited 1 branch of the dungeon, and saw 4 of its levels.

You collected 205 gold pieces.


Innate Abilities, Weirdness & Mutations

You have a beak for a mouth.
You have claws for feet.
Your magical nature lets you fly swiftly and evasively.


   Skills:
 - Level 3.2 Fighting
 + Level 7.6 Axes
 - Level 1.0 Throwing
 - Level 2.0 Armour
 - Level 2.1 Dodging
 - Level 2.0 Spellcasting
 - Level 2.4 Translocations


You had 10 spell levels left.
You didn't know any spells.
Your spell library contained the following spells:

 Spells                   Type           Power      Damage    Failure   Level
 Blink                    Tloc           16%        N/A       99%         2
 Gell's Gravitas          Tloc           8%         N/A       100%        3
 Lesser Beckoning         Tloc           8%         N/A       100%        3
 Teleport Other           Tloc           8%         N/A       100%        3
 Manifold Assault         Tloc           8%         N/A       100%        5

Inventory:

Hand Weapons
 b - a +0 flail
 Y - a +0 hand axe (weapon)
Armour
 j - a +0 chain mail (worn)
Jewellery
 a - an amulet of guardian spirit (around neck)
 c - a ring of poison resistance (left hand)
 m - a +4 ring of protection (right hand)
Scrolls
 g - a scroll of vulnerability {unknown}
 i - a scroll of teleportation
Potions
 d - a potion of invisibility {unknown}
 e - a potion of degeneration {unknown}
 f - a potion of might {unknown}
 h - 3 potions of heal wounds
 l - 2 potions of curing

Dungeon Overview and Level Annotations

Branches:
Dungeon (4/15)
 Temple: D:4-7

Altars:

Annotations:
D:2 1 runed translucent door, Crazy Yiuf


Message History

The black bear is almost dead.
The gnoll hits you but does no damage.
The black bear goes berserk!
The gnoll hits you but does no damage.
You hit the black bear.
You kill the black bear!
The gnoll hits you but does no damage.
The gnoll hits you from afar with a +2 halberd of venom!
Your Fighting skill increases to level 3!
You have reached level 7!
The gnoll hits you with a +2 halberd of venom.
You are poisoned.
The gnoll barely misses you.
A gnoll comes into view. It is wielding a +0 whip.
The gnoll shouts!
You hit the gnoll but do no damage. You hit the gnoll.
You feel sick. The gnoll hits you with a +0 spear.
The gnoll hits you with a +2 halberd of venom.
You hit the gnoll. You claw the gnoll.
The gnoll is severely wounded.
You hit the gnoll.
You feel sick.
The gnoll hits you with a +2 halberd of venom.
The gnoll barely misses you.
You hit the gnoll but do no damage. Your kick misses the gnoll.
Your peck misses the gnoll.
The gnoll is severely wounded.
You hit the gnoll. x2
You feel sick.
The gnoll hits you but does no damage. x2
The gnoll closely misses you.
You hit the gnoll. You claw the gnoll, but do no damage. You peck the gnoll.
The gnoll is almost dead.
You hit the gnoll. x2
The gnoll hits you with a +2 halberd of venom!
The gnoll barely misses you. The gnoll hits you with a +0 whip.
3271 ||| READING 2 scrolls of teleportation.
As you read the scroll of teleportation, it crumbles to dust.
You feel strangely unstable.
You feel sick.
The gnoll hits you with a +2 halberd of venom!
You die...

######
#####.$..
.........
g.
........##
#h
......ggg#
.. #@# .
#.# .#
#.##.##.#
#.#.......#
#.##)###.##
# #. #.# #.
#. #.#
#..##.##.#
#..##.##.#


You could see 3 gnolls.

Vanquished Creatures
  Sigmund (D:3)
  A water moccasin (D:4)
  A black bear (D:4)
  An orc priest (D:4)
  An orc wizard (D:4)
  3 adders
  A gnoll (D:4)
  2 orcs
  7 ball pythons
  7 bats
  2 endoplasms
  3 goblins
  3 hobgoblins
  2 jackals (D:1)
  A quokka (D:2)
  3 frilled lizards
  7 kobolds
  9 rats
55 creatures vanquished.

Vanquished Creatures (others)
  2 plants (D:4)
2 creatures vanquished.

Grand Total: 57 creatures vanquished

Notes
Turn   | Place    | Note
-------+----------+-------------------------------------------
     0 | D:1      | qw the Tengu Warper began the quest for the Orb.
     0 | D:1      | Reached XP level 1. HP: 12/12 MP: 4/4
     0 | D:1      | 0 ||| qw: Version: 0.1-a-89-g26bdef1
     0 | D:1      | 0 ||| qw: Game counter: 773
     0 | D:1      | 0 ||| qw: Always use a shield: true
     0 | D:1      | 0 ||| qw: God list: Okawaru
     0 | D:1      | 0 ||| qw: Allow faded altars: false
     0 | D:1      | 0 ||| qw: Do Orc after D:15 true
     0 | D:1      | 0 ||| qw: Do second Lair branch before Depths: true
     0 | D:1      | 0 ||| qw: Lair rune preference: random
     0 | D:1      | 0 ||| qw: Plans: Normal
     0 | D:1      | 0 ||| PLANNING D:1-11
   268 | D:1      | Reached XP level 2. HP: 17/17 MP: 6/6
   283 | D:1      | Reached skill level 3 in Axes
   417 | D:1      | 417 ||| Stepping ~*~*~tactically~*~*~ (stealth).
   575 | D:1      | 575 ||| Stepping ~*~*~tactically~*~*~ (stealth).
   874 | D:1      | 874 ||| DROPPING orb of mayhem.
   875 | D:1      | 875 ||| DROPPING orb of guile.
   876 | D:1      | 876 ||| DROPPING amulet of magic regeneration.
   877 | D:1      | 877 ||| DROPPING amulet of faith.
   878 | D:1      | 878 ||| READING scroll labelled MIXZIR FOOLU.
   879 | D:1      | 879 ||| READING scroll labelled FITHIF PEREY.
   882 | D:1      | 882 ||| DRINKING 3 viscous black potions.
   883 | D:1      | 883 ||| DROPPING scroll of blinking.
  1041 | D:2      | 1041 ||| Stepping ~*~*~tactically~*~*~ (stealth).
  1042 | D:2      | 1042 ||| Stepping ~*~*~tactically~*~*~ (stealth).
  1147 | D:2      | Reached XP level 3. HP: 21/21 MP: 7/7
  1493 | D:2      | Reached skill level 4 in Axes
  1552 | D:2      | Found a runed translucent door.
  1553 | D:2      | Noticed Crazy Yiuf
  1970 | D:2      | 1970 ||| UPGRADING to +0 chain mail.
  1980 | D:2      | 1980 ||| DROPPING +0 leather armour.
  1981 | D:2      | 1981 ||| UPGRADING to amulet of guardian spirit.
  1986 | D:2      | 1986 ||| UPGRADING to ring of poison resistance.
  1987 | D:2      | 1987 ||| DROPPING ring of wizardry.
  1988 | D:2      | 1988 ||| UPGRADING to +4 ring of protection.
  1989 | D:2      | 1989 ||| READING scroll labelled HIOSTRI RU DAWN.
  2082 | D:2      | 2082 ||| DRINKING 2 coppery potions.
  2083 | D:2      | 2083 ||| DRINKING 3 bubbling dark potions.
  2084 | D:2      | 2084 ||| DROPPING potion of attraction.
  2106 | D:3      | Noticed Sigmund
  2120 | D:3      | 2120 ||| DRINKING 2 potions of curing.
  2120 | D:3      | 2120 ||| (to cure confusion)
  2121 | D:3      | 2121 ||| FLEEEEING.
  2122 | D:3      | 2122 ||| STAIRDANCE
  2317 | D:3      | Killed Sigmund
  2318 | D:3      | Reached skill level 6 in Axes
  2318 | D:3      | Reached XP level 4. HP: 23/26 MP: 6/8
  2318 | D:3      | Gained mutation: Your magical nature lets you fly swiftly
                  | and evasively. [Tengu growth]
  2318 | D:3      | Reached XP level 5. HP: 26/30 MP: 6/9
  2472 | D:3      | Identified the +10 long sword of Gozag's Hope {vorpal,
                  | rPois rC- rN+++}
  2572 | D:3      | 2572 ||| DROPPING +0 club.
  2900 | D:3      | 2900 ||| READING scroll labelled OKLAKO MUAWK.
  2901 | D:3      | 2901 ||| READING scroll labelled RIDULUINUE.
  2902 | D:3      | 2902 ||| READING scroll labelled IGOMME VYOTING.
  2918 | D:4      | 2918 ||| STAIRDANCE
  2924 | D:3      | Reached XP level 6. HP: 35/35 MP: 10/10
  2926 | D:3      | 2926 ||| DROPPING +0 whip.
  2930 | D:4      | 2930 ||| STAIRDANCE
  2970 | D:4      | 2970 ||| Stepping ~*~*~tactically~*~*~ (stealth).
  2984 | D:4      | 2984 ||| Stepping ~*~*~tactically~*~*~ (hiding).
  2986 | D:4      | 2986 ||| Stepping ~*~*~tactically~*~*~ (hiding).
  2989 | D:4      | 2989 ||| DRINKING 3 potions of curing.
  2989 | D:4      | 2989 ||| (to cure confusion)
  3191 | D:4      | Noticed a water moccasin
  3208 | D:4      | Killed a water moccasin
  3209 | D:4      | Reached skill level 7 in Axes
  3234 | D:4      | Noticed a black bear
  3235 | D:4      | 3235 ||| Stepping ~*~*~tactically~*~*~ (hiding).
  3239 | D:4      | 3239 ||| Stepping ~*~*~tactically~*~*~ (stealth).
  3241 | D:4      | 3241 ||| Stepping ~*~*~tactically~*~*~ (stealth).
  3265 | D:4      | Killed a black bear
  3266 | D:4      | Reached skill level 3 in Fighting
  3266 | D:4      | Reached XP level 7. HP: 21/41 MP: 5/11
  3270 | D:4      | HP: 6/41 [gnoll/+2 halberd of venom (6)]
  3271 | D:4      | 3271 ||| READING 2 scrolls of teleportation.
  3271 | D:4      | HP: 2/41 [poisoned by a gnoll]
  3271 | D:4      | Mangled by a gnoll

Levels and vault maps discovered:
D:1:      dpeg_arrival_more_subterranean_lakeside_camping, layout_loops_cross,
          minivault_25, nicolae_eternal_life
D:2:      layout_basic, uniq_crazy_yiuf_cottage
D:3:      layout_loops_ring, nrook_mini_vaults, nicolae_elevator_lobby_plus,
          uniq_sigmund
D:4:      layout_loops_ring, grunt_decor_cap, st_stairs_10,
          minmay_misc_feat_square, chequers_big_river, solitary_fountain

Skill      XL: |  1  2  3  4  5  6 |
---------------+-------------------+-----
Axes           | 3 6 7 |  7.6
Armour         | 2 |  2.0
Fighting       | 3 |  3.2
Throwing       | |  1.0
Dodging        | |  2.1
Spellcasting   | |  2.0
Translocations | |  2.4

Action                   |  1- 3 |  4- 6 |  7- 9 || total
-------------------------+-------+-------+-------++-------
Melee: Hand axe          |    91 |    72 |     4 ||   167
       Peck              |    12 |    13 |     1 ||    26
       Punch             |     2 |     1 |       ||     3
       Kick              |    15 |    13 |     2 ||    30
Throw: Boomerang         |     7 |       |       ||     7
  Use: Scroll            |     3 |     3 |     1 ||     7
       Potion            |     4 |     1 |       ||     5
Armor: Leather armour    |    16 |       |       ||    16
       Chain mail        |     5 |    48 |     2 ||    55
Dodge: Dodged            |    58 |    23 |     4 ||    85

Table legend:
 A = Non-vault XP
 B = Vault XP
 C = Vault XP percentage of total XP
 D = Non-vault monster count
 E = Vault monster count
 F = Vault count percentage of total count
                 A         B        C        D         E       F
            +---------+---------+-------+---------+---------+-------
      Total |     490 |     243 |  33.2 |      54 |       1 |   1.8
            +---------+---------+-------+---------+---------+-------
        D:1 |      28 |       0 |   0.0 |      20 |       0 |   0.0
        D:2 |      34 |       0 |   0.0 |      13 |       0 |   0.0
        D:3 |      18 |     243 |  93.1 |      13 |       1 |   7.1
        D:4 |     410 |       0 |   0.0 |       8 |       0 |   0.0
            +---------+---------+-------+---------+---------+-------
